AoeStats
← mrbeast2mrbeast2

Arabia

510311804Analyzed
1v1 RM · 1d ago on Sep 30, 2026· 23m 15s· 2 players
Game mode
Random Map
Map size
Tiny (2 player)
Population
200
Speed
Normal
Resources
Standard
Victory
Conquest
Starting age
Dark Age
Ending age
Imperial Age
RankedLock teamsTeams togetherTeam positionsShared explorationLock speedFull tech treeHidden civsTurbo modeCheats
Victory
Defeat
🇵🇰 Bulgarians · Pakistan
587
+9
🇨🇿 Huns · Czechia
428
-9
jendamrak
11:38 Feudal Age
16:22 Scale Barding Armor
21:13 Castle Age
20:08 Horse Collar
20:12 Man-at-Arms
20:54 Double-Bit Axe
21:32 Scale Mail Armor
mrbeast2mrbeast2
6:54 Loom
11:59 Feudal Age
13:47 Wheelbarrow
13:27 Double-Bit Axe
13:24 Horse Collar
16:43 Gold Mining
Connection lost

Rejoining the realm…

Still unreachable

The connection could not be restored.

Session expired

The server has moved on; the page needs a fresh start.